 Dungeon Crawl Stone Soup version 0.27-a0-819-g058290f16d (webtiles) character file.

Game seed: 8538694829127137727

130102 jasper the Severer (level 16, -3/159 HPs)
             Began as a Minotaur Delver on Mar 29, 2021.
             Was the Champion of Okawaru.
             Slain by a salamander (11 damage)
             ... on level 1 of the Snake Pit.
             The game lasted 00:46:18 (27379 turns).

jasper the Severer (Minotaur Delver)               Turns: 27379, Time: 00:46:18

Health: -3/159     AC: 29    Str: 18    XL:     16   Next: 52%
Magic:  18/18      EV: 14    Int:  7    God:    Okawaru [******]
Gold:   419        SH:  0    Dex: 22    Spells: 13/15 levels left

rFire    . . .     SeeInvis +   P - +1 battleaxe (flame)
rCold    + . .     Faith    .   (shield currently unavailable)
rNeg     . . .     Spirit   .   Q - +3 plate armour {rPois}
rPois    +         Reflect  .   Y - +2 hat {SInv}
rElec    .         Harm     .   J - +2 cloak of Hoishotemu {Dex+4}
rCorr    .         Rampage  .   E - +0 pair of gloves
Will     +++..                  e - +0 pair of boots of Okawaru's Wrath {+Blink Will+}
Stlth    ..........             o - amulet of regeneration
HPRegen  1.36/turn              O - ring of protection from cold
MPRegen  0.16/turn              u - ring of willpower

@: lethally poisoned (-3 -> -4)
A: horns 2, retaliatory headbutt
a: Renounce Religion, Evoke Blink, Heroism, Finesse


You were on level 1 of the Snake Pit.
You worshipped Okawaru.
Okawaru was exalted by your worship.
You visited 4 branches of the dungeon, and saw 24 of its levels.
You visited 1 bazaar.
You also visited: Ice Cave.

You collected 2872 gold pieces.
You spent 2453 gold pieces at shops.

Inventory:

Hand Weapons
 d - the +7 battleaxe of Levity {holy, +Rage Int+4}
   (Okawaru gifted it to you on level 1 of the Orcish Mines)

   It has been blessed by the Shining One to cause great damage to the undead
   and demons.
   It affects your intelligence (+4).
   It lets you go berserk.
 f - the +4 executioner's axe "Dehexit" {venom, Int+2}
   (Okawaru gifted it to you on level 1 of the Lair of Beasts)

   It poisons the flesh of those it strikes.
   It affects your intelligence (+2).
 P - a +1 battleaxe of flaming (weapon)
 W - a +4 battleaxe
Missiles
 n - 3 throwing nets
 y - 48 poisoned darts
 A - 10 boomerangs (quivered)
 M - 4 silver javelins
 N - 12 curare-tipped darts
 T - 5 javelins
Armour
 e - the +0 pair of boots of Okawaru's Wrath (worn) {+Blink Will+}
   (Okawaru gifted it to you on level 5 of the Lair of Beasts)

   It lets you blink.
   It increases your willpower.
 E - a +0 pair of gloves (worn)
 J - the +2 cloak of Hoishotemu (worn) {Dex+4}
   (You bought it in a shop on level 4 of the Dungeon)

   It affects your dexterity (+4).
 Q - a +3 plate armour of poison resistance (worn)
 Y - a +2 hat of see invisible (worn)
Jewellery
 o - an amulet of regeneration (around neck)
 u - a ring of willpower (right hand)
 G - an amulet of reflection
 O - a ring of protection from cold (left hand)
 S - a ring of protection from cold
Wands
 a - a wand of acid (19)
 g - a wand of digging (8)
 k - a wand of mindburst (38)
 K - a wand of paralysis (9)
 L - a wand of flame (106)
Scrolls
 b - a scroll of immolation
 c - 4 scrolls of fog
 i - 3 scrolls of vulnerability
 j - 3 scrolls of enchant armour
 l - 3 scrolls of blinking
 q - 2 scrolls of silence
 r - 2 scrolls of fear
 x - 9 scrolls of enchant weapon
 B - a scroll of holy word
 D - a scroll of torment
 R - a scroll of brand weapon
 U - 10 scrolls of identify
 V - 5 scrolls of teleportation
 X - 2 scrolls of magic mapping
Potions
 m - 3 potions of resistance
 s - 2 potions of lignification
 t - 4 potions of mutation
 v - 4 potions of cancellation
 z - 4 potions of flight
 C - 7 potions of ambrosia
 F - 4 potions of heal wounds
 H - 7 potions of haste
 I - 10 potions of curing
 Z - a potion of might
Miscellaneous
 h - a phantom mirror
 p - a lightning rod (4/4)
 w - a box of beasts


   Skills:
 + Level 18.7 Fighting
 - Level 20.0 Axes
 - Level 4.0 Throwing
 + Level 15.7 Armour
 + Level 14.7 Dodging
 - Level 4.1 Stealth
 - Level 4.0 Invocations


You had 13 spell levels left.
You knew the following spells:

 Your Spells              Type           Power      Damage    Failure   Level
a - Wereblood             Tmut           0%         N/A       100%        2

Your spell library contained the following spells:

 Spells                   Type           Power      Damage    Failure   Level
 Beastly Appendage        Tmut           0%         N/A       99%         1
 Sandblast                Erth           0%         2d4       99%         1
 Corpse Rot               Necr/Air       N/A        N/A       100%        2
 Passwall                 Tmut/Erth      0%         N/A       100%        2
 Ignite Poison            Fire/Tmut/Pois 0%         N/A       100%        3
 Spider Form              Tmut/Pois      0%         N/A       100%        3
 Static Discharge         Conj/Air       0%         N/A       100%        3
 Stone Arrow              Conj/Erth      0%         3d7       100%        3
 Animate Dead             Necr           0%         N/A       100%        4
 Ice Form                 Ice/Tmut       0%         N/A       100%        4
 Petrify                  Tmut/Erth      0%         N/A       100%        4
 Blade Hands              Tmut           0%         N/A       100%        5
 Borgnjor's Vile Clutch   Necr/Erth      0%         N/A       100%        5
 Fireball                 Conj/Fire      0%         3d3       100%        5
 Lee's Rapid Deconstruct  Erth           0%         3d5*      100%        5
 Lightning Bolt           Conj/Air       0%         1d11      100%        5
 Summon Forest            Summ/Tloc      0%         N/A       100%        5
 Death Channel            Necr           0%         N/A       100%        6
 Eringya's Noxious Bog    Tmut/Pois      0%         N/A       100%        6
 Hydra Form               Tmut           0%         N/A       100%        6
 Simulacrum               Ice/Necr       0%         N/A       100%        6
 Starburst                Conj/Fire      0%         8x6d3     100%        6
 Summon Hydra             Summ           0%         N/A       100%        7
 Ignition                 Fire           0%         3d3       100%        8
 Shatter                  Erth           0%         3d5*      100%        9
 Tornado                  Air            0%         N/A       100%        9


Dungeon Overview and Level Annotations

Branches:
Dungeon (15/15)            Temple (0/1) D:4            Lair (6/6) D:8
 Shoals (0/4) Lair:4        Snake (1/4) Lair:2        Slime (0/5) Lair:6
    Orc (2/2) D:12            Elf (0/3) Orc:2        Vaults (0/5) D:13
 Depths (0/5) D:15          IceCv (visited)

Altars:
Fedhas
Gozag
Okawaru
Ru
Xom
Beogh
Jiyva

Shops:
D:1 [   D:4 *   Orc:2 **!*

Annotations:
D:6 Dowan, Duvessa
D:9 1 runed translucent door, MisterLeisureLearns's ghost, novice MiBe
D:15 Roxanne
Lair:2 exclusion: oklob plant
Lair:6 3 runed translucent doors, MeatMancer's ghost, adept MiBe
Snake:1 3 runed translucent doors, Khashishi's ghost, journeyman DjNe; Zenkrye's ghost, journeyman OgTm
Orc:1 3 runed translucent doors, Orijehao's ghost, journeyman DEEE


Innate Abilities, Weirdness & Mutations

You have a pair of horns on your head.
You reflexively headbutt those who attack you in melee.


Message History

You take 22 damage, and have 14/159 hp.
You feel better. The naga closely misses you. The naga constricts you.
The salamander hits you but does no damage.
You regained 9 hp, and now have 23/159 hp.
You hit the salamander but do no damage.
You headbutt the salamander!
The salamander is heavily wounded.
You hit the naga. You burn the naga. The naga hits you but does no damage.
The naga constricts you.
You hit the salamander.
The salamander is heavily wounded.
You hit the naga. You burn the naga.
The salamander hits you but does no damage.
The naga spits poison at you.
The splash of poison hits you but does no damage.
You are poisoned.
You resist. The naga constricts you.
You completely miss the salamander.
The salamander is heavily wounded.
You slash the naga! You burn the naga.
You kill the naga!
Okawaru accepts your kill.
You feel sick. The salamander completely misses you. You furiously retaliate!
You headbutt the salamander.
You hit the salamander but do no damage.
The salamander is heavily wounded.
You feel sick. The salamander closely misses you.
You barely miss the salamander. You headbutt the salamander.
The salamander is severely wounded.
You feel sick.
You slash the salamander! Your headbutt misses the salamander.
The salamander is almost dead.
The salamander completely misses you.
You hit the salamander but do no damage.
Your headbutt misses the salamander.
The salamander is almost dead.
You feel sick. The salamander hits you!!
* * * LOW HITPOINT WARNING * * *
You are engulfed in flames!
You die...

### # #####.####
.###......#.# ###
..........#.## #.#
..........#..###.#
.................##
.........##.......###
.........#......)...##
.........#.....†@N...#
.........#.....).......#
........................
.........#...........###
...).....#.............
.†.†.....#####.......#..
......####...#.......# .
.....##......#........
.....#.......#


You could see a salamander (strong).

Vanquished Creatures
  Rupert (D:13)
  Kirke (D:14)
  Agnes (D:15)
  Louise (D:14)
  An orc warlord (Orc:1)
  An ettin (Orc:2)
  Fannar (Lair:3)
  17 slime creatures
  A rakshasa (D:14)
  3 ogre magi
  10 hydras
  3 naga warriors (Snake:1)
  Erica (D:15)
  A boulder beetle (Lair:6)
  A death knight (D:14)
  Harold (D:11)
  3 centaur warriors
  3 catoblepae (Lair:6)
  16 two-headed ogres
  A tengu warrior (D:15)
  2 naga sharpshooters (Snake:1)
  2 orc high priests (Orc:1)
  10 death yaks
  Urug (D:15)
  Sonja (Lair:6)
  2 hell knights (D:15)
  2 shock serpents (Snake:1)
  A skeletal warrior (D:14)
  3 wizards
  A naga ritualist (Snake:1)
  A lindwurm (Lair:6)
  3 deep trolls
  A phantasmal warrior (D:14)
  2 mana vipers (Snake:1)
  A necromancer (D:15)
  14 ugly things
  4 deep elf pyromancers
  4 orc knights
  7 cyclopes
  2 orc sorcerers (Orc:1)
  20 elephants
  2 manticores (Lair:6)
  5 black mambas
  An eye of devastation (Lair:6)
  A merfolk siren (Lair:4)
  2 ice statues (IceCv)
  5 gargoyles
  12 cane toads
  An unseen horror (D:12)
  A rime drake (Lair:5)
  Psyche (D:8)
  3 freezing wraiths
  17 komodo dragons
  5 yaktaurs
  9 ice devils (IceCv)
  3 meliai (Lair:4)
  A queen bee (Lair:4)
  14 trolls
  5 polar bears
  A hornet (Lair:4)
  A merfolk (Lair:4)
  16 blink frogs
  A vampire (D:13)
  50 yaks
  A tarantella (shapeshifter) (D:15)
  2 wyverns
  A wyvern (shapeshifter) (D:14)
  4 wraiths
  3 basilisks
  A hog (D:14)
  4 vampire mosquitoes (D:13)
  2 wargs (Orc:1)
  4 nagas (Snake:1)
  4 acid dragons
  A floating eye (Lair:6)
  12 water moccasins
  8 ice beasts (D:14)
  A sky beast (D:7)
  A necrophage (D:6)
  30 orc warriors
  25 ogres
  36 wolves
  3 phantoms
  7 centaurs
  3 kobold brigands
  8 bullfrogs
  A gnoll sergeant (D:6)
  A wyvern zombie (D:8)
  A wyvern skeleton (D:7)
  3 scorpions
  5 wights (D:10)
  27 killer bees
  A howler monkey (D:5)
  5 electric eels
  5 centaur zombies
  2 bullfrog skeletons
  6 hounds
  14 orc priests
  A gnoll shaman (D:9)
  Jessica (D:2)
  Terence (D:2)
  6 hell rats (Lair:6)
  23 orc wizards
  A killer bee zombie (D:6)
  A hound skeleton (D:5)
  3 howler monkey zombies
  A howler monkey skeleton (D:6)
  16 gnolls
  10 adders
  A shadow imp (D:6)
  5 white imps
  11 ufetubi
  3 worms (D:2)
  A dart slug (D:3)
  80 orcs
  6 endoplasms
  3 giant cockroaches
  8 hobgoblins
  6 jackals
  5 quokkas
  8 ball pythons
  7 bats
  2 frilled lizards
  4 goblins
  14 kobolds
  8 rats
777 creatures vanquished.

Vanquished Creatures (others)
  A reaper (IceCv)
  3 humans (D:14)
  A basilisk (Lair:6)
  3 white imps (IceCv)
  2 ufetubi (IceCv)
  41 fungi
  49 plants
100 creatures vanquished.

Grand Total: 877 creatures vanquished

Notes
Turn   | Place    | Note
-------+----------+-------------------------------------------
     0 | D:5      | jasper the Minotaur Delver began the quest for the Orb.
     0 | D:5      | Reached XP level 1. HP: 19/19 MP: 0/0
    19 | D:6      | Noticed Duvessa
    19 | D:6      | Noticed Dowan
    56 | D:5      | Noticed a hound
    63 | D:5      | Killed a hound
    64 | D:5      | Reached skill level 3 in Axes
    64 | D:5      | Reached skill level 1 in Armour
    64 | D:5      | Reached XP level 2. HP: 15/27 MP: 1/1
    64 | D:5      | Reached XP level 3. HP: 18/33 MP: 2/2
   252 | D:5      | Noticed a scorpion
   261 | D:5      | You fall into a shaft and drop 1 floor!
   719 | D:6      | Reached skill level 4 in Axes
   719 | D:6      | Reached XP level 4. HP: 17/41 MP: 3/3
  1167 | D:6      | Reached skill level 5 in Fighting
  1167 | D:6      | Reached XP level 5. HP: 40/48 MP: 4/4
  1329 | D:6      | Noticed an ogre
  1432 | D:5      | Reached skill level 5 in Axes
  1474 | D:5      | Reached XP level 6. HP: 52/57 MP: 5/5
  1522 | D:5      | Found a shimmering altar of Xom.
  1935 | D:2      | Noticed Terence
  1943 | D:2      | Killed Terence
  2383 | D:1      | Found Qienix's Armour Shoppe.
  2856 | D:2      | Noticed Jessica
  2868 | D:2      | Killed Jessica
  3020 | D:2      | Reached skill level 6 in Axes
  3124 | D:2      | Reached XP level 7. HP: 44/64 MP: 6/6
  3660 | D:3      | Found a faded altar of an unknown god.
  3695 | D:3      | Became a worshipper of Warmaster Okawaru
  3695 | D:3      | Reached * piety under Okawaru
  4132 | D:4      | Found a staircase to the Ecumenical Temple.
  5029 | D:4      | Reached skill level 7 in Axes
  5081 | D:4      | Found Liero's Assorted Antiques.
  5089 | D:4      | Bought a glimmering cloak for 218 gold pieces
  5089 | D:4      | Identified the +2 cloak of Hoishotemu {Dex+4} (You bought
                  | it in a shop on level 4 of the Dungeon)
  5321 | D:5      | Reached skill level 1 in Invocations
  5714 | D:6      | Reached skill level 1 in Throwing
  5714 | D:6      | Reached XP level 8. HP: 73/73 MP: 7/7
  5938 | D:6      | Identified the +1 spear of Zaoddokhae {drain, Int+3}
  6023 | D:6      | HP: 3/73 [poisoned by a gnoll sergeant]
  6026 | D:6      | HP: 1/73 [poisoned by a gnoll sergeant]
  6049 | D:6      | Reached skill level 5 in Dodging
  7017 | D:7      | Reached skill level 5 in Armour
  7287 | D:7      | Reached skill level 8 in Axes
  7645 | D:7      | Reached ** piety under Okawaru
  7674 | D:7      | Identified the +8 hand axe of Ulodumeh {freeze, rElec rF-
                  | Int+5 SInv}
  7747 | D:7      | Reached XP level 9. HP: 72/82 MP: 10/10
  7981 | D:7      | Found an opulent altar of Gozag.
  8220 | D:8      | Found a staircase to the Lair.
  8283 | D:8      | Noticed a troll
  8323 | D:8      | Reached skill level 9 in Axes
  8386 | D:8      | Killed a troll
  8497 | D:8      | Noticed Psyche
  8509 | D:8      | Killed Psyche
  8588 | D:8      | Noticed a cyclops
  8601 | D:8      | Killed a cyclops
  8601 | D:8      | Reached *** piety under Okawaru
  8601 | D:8      | Received a gift from Okawaru
  8602 | D:8      | Reached skill level 10 in Fighting
  8722 | D:8      | Reached skill level 10 in Axes
  9498 | D:9      | Noticed a troll
  9508 | D:9      | Killed a troll
  9509 | D:9      | Reached XP level 10. HP: 91/94 MP: 9/12
  9997 | D:9      | Noticed a cyclops
 10013 | D:9      | Killed a cyclops
 10013 | D:9      | Reached **** piety under Okawaru
 10493 | D:9      | Found a runed translucent door.
 10493 | D:9      | Noticed MisterLeisureLearns's ghost (novice MiBe)
 10561 | D:9      | Reached skill level 11 in Axes
 10733 | D:10     | Entered Level 10 of the Dungeon
 10877 | D:10     | Identified a scroll of acquirement
 10877 | D:10     | Acquired 455 gold pieces
 11266 | D:10     | Noticed a two-headed ogre
 11275 | D:10     | Killed a two-headed ogre
 11312 | D:10     | Noticed a gargoyle
 11326 | D:10     | Killed a gargoyle
 11326 | D:10     | Reached ***** piety under Okawaru
 12057 | D:11     | Reached skill level 12 in Axes
 12057 | D:11     | Reached XP level 11. HP: 96/104 MP: 13/13
 12190 | D:11     | Noticed Harold
 12206 | D:11     | Killed Harold
 12803 | Lair:1   | Entered Level 1 of the Lair of Beasts
 13050 | Lair:1   | Reached skill level 13 in Axes
 13152 | Lair:1   | Noticed a six-headed hydra
 13154 | Lair:1   | Noticed an eight-headed hydra
 13181 | Lair:1   | Killed a two-headed hydra
 13181 | Lair:1   | Reached ****** piety under Okawaru
 13181 | Lair:1   | Received a gift from Okawaru
 13184 | Lair:1   | Killed a five-headed hydra
 13388 | Lair:1   | Identified the +4 executioner's axe "Dehexit" {venom,
                  | Int+2} (Okawaru gifted it to you on level 1 of the Lair of
                  | Beasts)
 13388 | Lair:1   | Received a gift from Okawaru
 13517 | Lair:1   | Reached skill level 10 in Armour
 13517 | Lair:1   | Reached XP level 12. HP: 31/117 MP: 14/14
 14079 | Lair:2   | Reached skill level 14 in Axes
 14182 | Lair:2   | Noticed a death yak
 14182 | Lair:2   | Noticed a death yak
 14182 | Lair:2   | Noticed a death yak
 14190 | Lair:2   | Killed a death yak
 14190 | Lair:2   | Received a gift from Okawaru
 14198 | Lair:2   | Killed a death yak
 14203 | Lair:2   | Killed a death yak
 14204 | Lair:2   | Reached skill level 10 in Dodging
 14255 | Lair:2   | Found a staircase to the Snake Pit.
 14684 | Lair:2   | Reached skill level 15 in Fighting
 15210 | Lair:3   | Reached skill level 15 in Axes
 15322 | Lair:3   | Noticed Fannar
 15349 | Lair:3   | Killed Fannar
 15430 | Lair:3   | Noticed a five-headed hydra
 15434 | Lair:3   | Killed a two-headed hydra
 15525 | Lair:3   | Reached XP level 13. HP: 127/127 MP: 15/15
 16029 | Lair:4   | Learned a level 2 spell: Wereblood
 16224 | D:4      | Bought a phantom mirror for 920 gold pieces
 16224 | D:4      | Bought 2 potions of curing for 138 gold pieces
 16224 | D:4      | Bought a scroll labelled QOUXENLOZAPT for 23 gold pieces
 16224 | D:4      | Bought a scroll of identify for 46 gold pieces
 16224 | D:4      | Bought a scroll of identify for 46 gold pieces
 16534 | Lair:4   | Identified the +1 robe of the Iron City of Dis {rN+}
                  | (Okawaru gifted it to you on level 4 of the Lair of Beasts)
 16534 | Lair:4   | Received a gift from Okawaru
 16822 | Lair:4   | Reached skill level 16 in Axes
 17301 | Lair:4   | Found a staircase to the Shoals.
 17682 | Lair:5   | You are sucked into a shaft and drop 1 floor!
 17682 | Lair:6   | Entered Level 6 of the Lair of Beasts
 18313 | Lair:5   | Identified the +0 pair of boots of Okawaru's Wrath {+Blink
                  | Will+} (Okawaru gifted it to you on level 5 of the Lair of
                  | Beasts)
 18313 | Lair:5   | Received a gift from Okawaru
 18373 | Lair:5   | Found a blossoming altar of Fedhas.
 18591 | Lair:6   | Found a runed translucent gate.
 18591 | Lair:6   | Found a runed translucent gate.
 18591 | Lair:6   | Found a staircase to the Slime Pits.
 18624 | Lair:6   | Noticed Sonja
 18635 | Lair:6   | Killed Sonja
 18642 | Lair:6   | Reached skill level 17 in Axes
 18738 | Lair:6   | Reached XP level 14. HP: 49/138 MP: 10/16
 18764 | Lair:6   | Identified the +7 flail of Conformity {drain, rPois Stlth+}
 19132 | Lair:6   | Paralysed by a floating eye for 2 turns
 19182 | Lair:6   | Found a runed translucent gate.
 19189 | Lair:6   | Noticed MeatMancer's ghost (adept MiBe)
 19189 | Lair:6   | Noticed a quicksilver ooze
 19191 | Lair:6   | Found a viscous altar of Jiyva.
 19644 | Lair:6   | Received a gift from Okawaru
 20417 | D:12     | Found a staircase to the Orcish Mines.
 20633 | D:12     | Reached skill level 18 in Axes
 21257 | Orc:1    | Entered Level 1 of the Orcish Mines
 21746 | Orc:1    | Found a runed translucent gate.
 21748 | Orc:1    | Found a runed translucent gate.
 21752 | Orc:1    | Found a runed translucent gate.
 22070 | Orc:1    | Noticed an orc warlord
 22084 | Orc:1    | Killed an orc warlord
 22084 | Orc:1    | Identified the +7 battleaxe of Levity {holy, +Rage Int+4}
                  | (Okawaru gifted it to you on level 1 of the Orcish Mines)
 22084 | Orc:1    | Received a gift from Okawaru
 22347 | Orc:1    | Noticed Orijehao's ghost (journeyman DEEE)
 22397 | Orc:2    | Entered Level 2 of the Orcish Mines
 22521 | Orc:2    | Reached XP level 15. HP: 137/147 MP: 17/17
 22542 | Orc:2    | Found a gateway to a bazaar.
 22552 | Bazaar   | Entered a bazaar
 22566 | Bazaar   | Found Vuluklia's Distillery.
 22582 | Bazaar   | Found Viqakhog's Antique Armour Shoppe.
 22611 | Bazaar   | Found Vamenin's Book Emporium.
 22611 | Bazaar   | Found Vimpuruw's Antique Armour Shoppe.
 22692 | Bazaar   | Bought a potion of curing for 33 gold pieces
 22692 | Bazaar   | Bought a potion of haste for 110 gold pieces
 22692 | Bazaar   | Bought a potion of heal wounds for 55 gold pieces
 22692 | Bazaar   | Bought a potion of haste for 110 gold pieces
 22846 | Orc:2    | Found a staircase to the Elven Halls.
 22965 | Orc:2    | Found Qyiguowo's Distillery.
 22990 | Orc:2    | Identified the +5 kite shield of Conscience {rF+ MP+9 Str-4
                  | Stlth+} (Okawaru gifted it to you on level 2 of the Orcish
                  | Mines)
 22990 | Orc:2    | Received a gift from Okawaru
 22998 | Orc:2    | Reached skill level 19 in Axes
 23026 | Orc:2    | Found Ciuwkyom's Assorted Antiques.
 23033 | Orc:2    | Found Zaremoyps's General Store.
 23036 | Orc:2    | Found Ykhefis's Assorted Antiques.
 23091 | Orc:2    | Bought a scroll of fear for 49 gold pieces
 23096 | Orc:2    | Bought a flickering graven amulet for 145 gold pieces
 23096 | Orc:2    | Identified the amulet of Ujaxzuy {RegenMP Str-3 Int+3} (You
                  | bought it in a shop on level 2 of the Orcish Mines)
 23226 | Orc:2    | Bought 2 potions of resistance for 280 gold pieces
 23226 | Orc:2    | Bought a potion of haste for 140 gold pieces
 23226 | Orc:2    | Bought a potion of haste for 140 gold pieces
 23556 | D:13     | Found a gate to the Vaults.
 24188 | D:14     | Noticed Rupert
 24201 | D:13     | Killed Rupert
 24322 | D:14     | Noticed Kirke
 24329 | D:14     | Killed Kirke
 24357 | D:14     | Found a frozen archway.
 24451 | IceCv    | Entered an ice cave
 25042 | D:14     | Received a gift from Okawaru
 25273 | D:14     | Noticed Louise
 25302 | D:14     | Killed Louise
 25383 | D:14     | Reached XP level 16. HP: 152/157 MP: 18/18
 25697 | D:15     | Entered Level 15 of the Dungeon
 25704 | D:15     | Reached skill level 20 in Axes
 25721 | D:15     | Reached skill level 15 in Armour
 25886 | D:15     | Noticed Roxanne
 25910 | D:15     | Noticed Erica
 25919 | D:15     | Noticed Urug
 25920 | D:15     | Killed Erica
 25940 | D:15     | Killed Urug
 26084 | D:15     | Found a staircase to the Depths.
 26201 | D:15     | Found a sacrificial altar of Ru.
 26228 | D:15     | Noticed Agnes
 26235 | D:15     | Killed Agnes
 26939 | Snake:1  | Entered Level 1 of the Snake Pit
 27125 | Snake:1  | Received a gift from Okawaru
 27183 | Snake:1  | Found a runed translucent gate.
 27184 | Snake:1  | Found a runed translucent gate.
 27184 | Snake:1  | Found a runed translucent gate.
 27185 | Snake:1  | Noticed Zenkrye's ghost (journeyman OgTm)
 27186 | Snake:1  | Noticed Khashishi's ghost (journeyman DjNe)
 27379 | Snake:1  | Slain by a salamander

Illustrated notes

Levels and vault maps discovered:
D:1:      dpeg_arrival_rooms_with_view, layout_basic, serial_shops, shop,
          st_stairs_9
D:2:      layout_rooms, minmay_tree_intersection, kennysheep_generic_room_11,
          uniq_terence, uniq_jessica
D:3:      layout_basic, chequers_ecumenical_altar_simple,
          guppyfry_early_orc_mine
D:4:      layout_layer_cave, minmay_temple_entry_enclosed_plants, serial_shops,
          shop
D:5:      layout_rooms, basic_altar
D:6:      layout_basic, uniq_duvessa
D:7:      layout_cave_pools, lemuel_round_altar
D:8:      layout_cave_pods, erik_lair_island, uniq_psyche
D:9:      layout_layer_cave, gammafunk_ghost_grave
D:10:     layout_stronghold, kennysheep_generic_room_15
D:11:     layout_rooms, minmay_misc_feat_room, hex_medium, uniq_harold
D:12:     layout_roguey, orc_0_dummy
D:13:     layout_grid_maze, david_vaults_1
D:14:     layout_irregular_city, portal_ice_cave_entry_ice_beasts,
          roderic_lattice_a, uniq_rupert, uniq_kirke, uniq_louise
D:15:     hangedman_depths_entry_civil_slaughter, layout_gridville, basic_altar,
          hangedman_decor_growths, sword_in_stone, uniq_roxanne, uniq_agnes
Lair:1:   layout_cave_pods, beast_lair_carwin_7
Lair:2:   layout_small_grid, guppyfry_snake_entry_island, beast_lair_carwin_9,
          lemuel_fruit_tree, minmay_lair_oklob_chamber
Lair:3:   layout_regular_city, uniq_fannar
Lair:4:   layout_hall_layers, elwin_shoals_entry_rooms, special_room
          [special_room_bee], grunt_megastairs_2, serial_bayou_shore_b
Lair:5:   layout_regular_city, basic_altar
Lair:6:   evilmike_catoblepas_cave, layout_long_grid, minmay_slime_entry_eyes,
          gammafunk_ghost_endoplasm, serial_bayou_pond_b,
          infiniplex_staircase_pool, uniq_sonja
Snake:1:  cheibrodos_snake_lava_hold, layout_honeycomb,
          gammafunk_ghost_cemetery, nicolae_large_snake_swirl
Orc:1:    orc_temple, layout_caves, gammafunk_ghost_necromancy,
          nicolae_orc_pool_cavern
Orc:2:    st_orc_open, layout_caves, serial_shops, bzr_entry_water

Skill      XL: |  1  2  3  4  5  6  7  8  9 10 11 12 13 14 15 16 |
---------------+-------------------------------------------------+-----
Fighting       | 4 5 6 7 8 10 12 14 15 16 17 18 | 18.7
Axes           | 3 4 5 6 7 8 10 12 13 15 17 18 19 20 | 20.0
Armour         | 1 2 3 4 5 6 8 10 11 12 13 14 15 | 15.7
Dodging        | 3 4 5 6 8 9 10 11 12 13 14 | 14.7
Invocations    | 1 2 4 |  4.0
Throwing       | 1 2 4 |  4.0
Stealth        | |  4.1

Action                   |  1- 3 |  4- 6 |  7- 9 | 10-12 | 13-15 | 16-18 || total
-------------------------+-------+-------+-------+-------+-------+-------++-------
Melee: Hand axe          |    17 |   198 |   342 |   292 |       |       ||   849
       Headbutt          |     1 |    30 |    74 |   157 |   264 |    58 ||   584
       Punch             |       |       |     2 |     1 |       |       ||     3
       Battleaxe         |       |       |       |   243 |   930 |   187 ||  1360
Throw: Stone             |       |    66 |    76 |   110 |    62 |       ||   314
       Dart              |       |       |    46 |       |       |       ||    46
       Boomerang         |       |       |    12 |       |    17 |     7 ||    36
Invok: Heroism           |       |       |     5 |     3 |     5 |       ||    13
       Finesse           |       |       |       |       |     4 |       ||     4
Evoke: Wand              |     2 |     5 |     8 |     2 |     3 |       ||    20
  Use: Potion            |     1 |       |     7 |       |       |     1 ||     9
       Scroll            |     1 |     3 |     3 |    11 |     9 |       ||    27
 Stab: Sleeping          |     1 |       |       |       |       |       ||     1
Armor: Leather armour    |     1 |       |       |       |       |       ||     1
       Plate armour      |       |    85 |       |   306 |   608 |   157 ||  1156
       Chain mail        |       |    57 |   209 |    14 |       |       ||   280
Dodge: Dodged            |     9 |    69 |   188 |   237 |   602 |   124 ||  1229
Block: Buckler           |       |       |       |     8 |       |       ||     8

Table legend: (Time is in decaauts)
 A = Elapsed time spent in this place.
 B = Non-inter-level travel time spent in this place.
 C = Inter-level travel time spent in this place.
 D = Time resting spent in this place.
 E = Time spent auto-exploring this place.
 F = Levels seen in this place.
 G = Mean time per level.
                   A        B        C        D        E       F      G
               +--------+--------+--------+--------+--------+-----+--------+
         Total |  26990 |  25537 |   1453 |   3885 |  16460 |  26 | 1038.1 |
       Dungeon |  17250 |  16263 |    987 |   2535 |  10708 |  15 | 1150.0 |
          Lair |   6882 |   6492 |    390 |    814 |   4340 |   6 | 1147.0 |
     Snake Pit |    418 |    418 |      0 |     75 |    235 |   1 |  418.0 |
  Orcish Mines |   1850 |   1777 |     73 |    355 |    991 |   2 |  925.0 |
        Bazaar |    192 |    192 |      0 |      0 |     85 |   1 |  192.0 |
      Ice Cave |    396 |    396 |      0 |    106 |    101 |   1 |  396.0 |
               +--------+--------+--------+--------+--------+-----+--------+

Top non-repeatable levels by time:
     D:6: 2647 daAuts
     D:8: 1551 daAuts
  Lair:6: 1516 daAuts
     D:4: 1468 daAuts
  Lair:1: 1315 daAuts
     D:9: 1279 daAuts
  Lair:4: 1229 daAuts
    D:10: 1214 daAuts
    D:14: 1141 daAuts
   Orc:1: 1117 daAuts
    D:12: 1059 daAuts
  Lair:2: 1014 daAuts
  Lair:3: 1009 daAuts
    D:13: 979 daAuts
    D:15: 946 daAuts
